 Dungeon Crawl Stone Soup version 0.31-a0-542-gdc2a67831c (console) character file.

Game seed: 2616773531025560029

359 Lexodia the Cudgeller (level 6, 0/62 HPs)
             Began as an Ogre Gladiator on Aug 14, 2023.
             Was an Initiate of Okawaru.
             Slain by a yak (9 damage)
             ... on level 5 of the Dungeon.
             The game lasted 00:04:59 (1236 turns).

Lexodia the Cudgeller (Ogre Gladiator)              Turns: 1236, Time: 00:05:00

Health: 0/62       AC:  4    Str: 21    XL:     6   Next: 65%
Magic:  6/6        EV: 10    Int:  9    God:    Okawaru [......]
Gold:   80         SH:  0    Dex: 10    Spells: 5/5 levels left

rFire   + . .        i - +0 giant spiked club
rCold   + . .        (shield currently unavailable)
rNeg    . . .        b - +0 robe
rPois   +            c - +1 hat
rElec   +            (no cloak)
rCorr   +            (gloves unavailable)
SInv    .            (boots unavailable)
Will    +....        (no amulet)
Stlth   +            k - ring of willpower
HPRegen 0.30/turn    (no ring)
MPRegen 0.10/turn

%: no passive effects
@: resistant
A: large, unfitting armour, tough skin 1
a: Renounce Religion


You were on level 5 of the Dungeon.
You worshipped Okawaru.
Okawaru was noncommittal.
You visited 2 branches of the dungeon, and saw 6 of its levels.

You collected 80 gold pieces.

Inventory:

Hand Weapons
 a - a +0 flail
 i - a +0 giant spiked club (weapon)
Missiles
 d - 2 throwing nets (quivered)
 e - a large rock
Armour
 b - a +0 robe (worn)
 c - a +1 hat (worn)
Jewellery
 k - a ring of willpower (left hand)
Scrolls
 h - a scroll of immolation
 m - a scroll of enchant weapon {unknown}


   Skills:
 - Level 4.0 Fighting
 * Level 4.7 Maces & Flails
 + Level 3.4 Throwing
 + Level 3.7 Dodging
 + Level 1.3 Invocations


You had 5 spell levels left.
You didn't know any spells.
Your spell library was empty.

Dungeon Overview and Level Annotations

Branches:
Dungeon (5/15)             Temple (1/1) D:5

Altars:
Ashenzari
Dithmenos
Elyvilon
Fedhas
Gozag
Makhleb
Okawaru
Qazlal
Ru
Sif Muna
Trog
Uskayaw
Vehumet
Wu Jian
Xom
Zin
The Shining One

Annotations:
D:2 Sigmund


Innate Abilities, Weirdness & Mutations

You are too large for most types of armour.
You have tough skin. (AC +1)


Message History

You sock the yak!
The yak is almost dead.
The yak gores you.
* * * LOW HITPOINT WARNING * * *
The yak gores you.
* * * LOW HITPOINT WARNING * * *
Huge Dmg: -20%(-11hp) hp: 19%(10hp)
You impale the yak!!
You kill the yak!
Okawaru is honoured by your kill.
Your Invocations skill increases to level 1!
You have reached level 6!
You feel stronger.
Really quaff the potion of lignification?
You turn into a tree.
Your +1 hat melds into your body.
Your +0 robe melds into your body.
Your roots penetrate the ground.
The iguana bites you.
* * * LOW HITPOINT WARNING * * *
Unknown command.
It was a potion of cancellation.
Your magical effects are unravelling.
You feel magically purged.
You feel less wooden.
Your +1 hat unmelds from your body.
Your +0 robe unmelds from your body.
The iguana bites you but does no damage.
Huge Dmg: -8%(-5hp) hp: 17%(10hp) It was a potion of resistance.
You feel protected. The iguana completely misses you.
You barely miss the iguana.
The iguana is moderately wounded.
The iguana bites you.
* * * LOW HITPOINT WARNING * * *
The iguana barely misses you.
Huge Dmg: -5%(-3hp) hp: 13%(8hp)
You puncture the iguana!
You kill the iguana!
Okawaru accepts your kill. The yak gores you!
You die...

### ##.##
##########.#.##
########
#.@YY....(###.#
.......##
#.########.#.##
#####...### #.#
######.#######
..........# #.#
#......Y..Y.J.
..###...#.## #.#
#.####.##.#.#.
...........####.#
#.##.#.##
/#####..........#
#.##.#.#
.########..######
#.##.#.# ....#
#..# #.##....


You could see 2 yaks.

Vanquished Creatures
  A yak (D:5)
  An ogre (D:5)
  A howler monkey (D:3)
  An iguana (D:5)
  Terence (D:4)
  A gnoll (D:1)
  An adder (D:2)
  A shadow imp (D:5)
  An orc (D:3)
  3 bats (D:1)
  5 endoplasms
  4 giant cockroaches
  4 goblins (D:1)
  4 hobgoblins (D:1)
  2 ball pythons
  A frilled lizard (D:1)
  2 kobolds
  4 rats
38 creatures vanquished.

Notes
Turn   | Place    | Note
-------+----------+-------------------------------------------
     0 | D:1      | Lexodia the Ogre Gladiator began the quest for the Orb.
     0 | D:1      | Reached XP level 1. HP: 22/22 MP: 1/1
   113 | D:1      | Found a faded altar of an unknown god.
   118 | D:1      | Huge Dmg: 6 dmg
   137 | D:1      | Huge Dmg: 4 dmg
   144 | D:1      | Reached XP level 2. HP: 13/29 MP: 2/2
   158 | D:1      | Huge Dmg: 3 dmg
   471 | D:2      | Noticed Sigmund
   511 | D:1      | Reached XP level 3. HP: 37/37 MP: 3/3
   717 | D:2      | Huge Dmg: 8 dmg
   718 | D:2      | Huge Dmg: 5 dmg
   719 | D:2      | Huge Dmg: 5 dmg
   720 | D:2      | Huge Dmg: 4 dmg
   913 | D:3      | Reached XP level 4. HP: 35/46 MP: 4/4
   970 | D:3      | Noticed Terence
   993 | D:4      | Killed Terence
  1030 | D:4      | Noticed a scorpion
  1049 | D:4      | Reached XP level 5. HP: 49/54 MP: 5/5
  1077 | D:5      | Entered Level 5 of the Dungeon
  1077 | D:5      | Found a staircase to the Ecumenical Temple.
  1082 | Temple   | Entered the Ecumenical Temple
  1085 | Temple   | Became a worshipper of Warmaster Okawaru
  1096 | D:5      | Noticed an ogre
  1104 | D:5      | Killed an ogre
  1201 | D:5      | Noticed a yak
  1201 | D:5      | Noticed a yak
  1201 | D:5      | Noticed a yak
  1202 | D:5      | Noticed a yak
  1225 | D:5      | Huge Dmg: 12 dmg
  1227 | D:5      | Huge Dmg: 10 dmg
  1228 | D:5      | Huge Dmg: 6 dmg
  1231 | D:5      | Huge Dmg: 11 dmg
  1231 | D:5      | Killed a yak
  1232 | D:5      | Reached skill level 1 in Invocations
  1232 | D:5      | Reached XP level 6. HP: 12/62 MP: 6/6
  1234 | D:5      | Huge Dmg: 5 dmg
  1236 | D:5      | Huge Dmg: 3 dmg
  1236 | D:5      | Slain by a yak

Illustrated notes

Levels and vault maps discovered:
D:1:      ebering_trefoil_3fold, layout_loops_cross,
          hellmonk_ecumenical_altar_blasted
D:2:      layout_rooms, chequers_serial_rivers_micro_b, kennysheep_path_1,
          dreamdust_princess_bridge, minmay_misc_feat_room, uniq_sigmund
D:3:      layout_basic, nicolae_elevator_lobby_asterisk, uniq_terence
D:4:      layout_basic
D:5:      layout_loops_ring, temple_fountains, portal_sewer_entry_a,
          nrook_pool_corridor, minmay_fractal_squares_diagonal_5, uniq_duvessa
Temple:   sentei_temple_godly_chess

Skill      XL: |  1  2  3  4  5 |
---------------+----------------+-----
Fighting       | 3 4 |  4.0
Maces & Flails | 3 4 |  4.7
Dodging        | 3 |  3.7
Throwing       | 3 |  3.4
Invocations    | 1 |  1.3

Action                     |  1- 3 |  4- 6 || total
---------------------------+-------+-------++-------
  Melee: Flail             |    84 |    26 ||   110
         Giant spiked club |       |    16 ||    16
  Throw: Javelin           |       |     3 ||     3
         Throwing net      |       |     2 ||     2
         Large rock        |       |     1 ||     1
    Use: Scroll            |     3 |       ||     3
         Potion            |       |     3 ||     3
   Stab: Held in net/web   |       |     1 ||     1
 Armour: Robe              |    30 |    17 ||    47
  Dodge: Dodged            |    58 |    23 ||    81

Table legend: (Time is in decaauts)
 A = Elapsed time spent in this place.
 B = Non-inter-level travel time spent in this place.
 C = Inter-level travel time spent in this place.
 D = Time resting spent in this place.
 E = Time spent auto-exploring this place.
 F = Levels seen in this place.
 G = Mean time per level.
                   A        B        C        D        E       F      G
               +--------+--------+--------+--------+--------+-----+--------+
         Total |   1273 |   1255 |     18 |    189 |    508 |   6 |  212.2 |
       Dungeon |   1265 |   1249 |     16 |    189 |    508 |   5 |  253.0 |
        Temple |      8 |      6 |      2 |      0 |      0 |   1 |    8.0 |
               +--------+--------+--------+--------+--------+-----+--------+

Top non-repeatable levels by time:
     D:1: 610 daAuts
     D:2: 271 daAuts
     D:5: 161 daAuts
     D:3: 122 daAuts
     D:4: 98 daAuts
  Temple: 8 daAuts
